 Dungeon Crawl Stone Soup version 0.20.1-1-g8b1a95d (webtiles) character file.

1198 homeworkjunkie the Cleaver (level 8, 0/70 HPs)
             Began as a Hill Orc Fighter on Nov 21, 2017.
             Slain by Regeox's ghost (4 damage)
             ... on level 6 of the Dungeon.
             The game lasted 00:11:12 (4563 turns).

homeworkjunkie the Cleaver (Hill Orc Fighter)       Turns: 4563, Time: 00:11:12

Health: 0/70       AC: 13    Str: 26    XL:     8   Next: 44%
Magic:  9/9        EV: 11    Int:  8    God:
Gold:   247        SH: 11    Dex: 15    Spells: 7/7 levels left

rFire    . . .     SeeInvis .   a - +0 war axe
rCold    . . .     Gourm    .   c - +0 shield
rNeg     . . .     Faith    +   k - +0 chain mail
rPois    .         Spirit   .   (no helmet)
rElec    .         Reflect  .   q - +2 cloak
rCorr    .         Harm     .   (no gloves)
MR       ++...                  (no boots)
Stlth    ..........             v - amulet of faith
Regen    0.3/turn               n - ring of protection from magic
MPRegen  0.2/turn               r - ring of protection from magic

@: mighty, agile, very slightly contaminated, invisible
A: no striking features
a: no special abilities


You were on level 6 of the Dungeon.
You were hungry.

You visited 1 branch of the dungeon, and saw 6 of its levels.

You collected 247 gold pieces.

Inventory:

Hand Weapons
 a - a +0 war axe (weapon)
Armour
 c - a +0 shield (worn)
 k - a +0 chain mail (worn)
 q - a +2 cloak (worn)
Jewellery
 b - a +3 ring of intelligence
 n - a ring of protection from magic (left hand)
 r - a ring of protection from magic (right hand)
 v - an amulet of faith (around neck)
Wands
 j - a wand of lightning (6/15)
 l - a wand of paralysis (4/24)
 t - a wand of digging (7/24)
Scrolls
 g - 2 scrolls of immolation
 o - a scroll of teleportation
 u - 2 scrolls of identify
Potions
 i - 2 potions of brilliance
 m - a potion of haste
Comestibles
 f - 6 bread rations
 h - 3 meat rations
 s - a royal jelly


   Skills:
 * Level 6.0 Fighting
 * Level 9.1 Axes
 * Level 5.2 Armour
 + Level 0.4 Dodging
 * Level 5.3 Shields
 * Level 2.1 Evocations


You had 7 spell levels left.
You didn't know any spells.

Dungeon Overview and Level Annotations

Branches:
Dungeon (6/15)
 Temple: D:4-7

Altars:
Ashenzari
Gozag

Annotations:
D:6 Regeox's ghost, novice DrCj


Message History

Regeox's ghost threatens, "I'm fresh out of hellfire, but you will end anyway."
Regeox's ghost points at you and mumbles some strange words.
The orb of energy hits you!
* * * LOW HITPOINT WARNING * * *
You hit Regeox's ghost.
Regeox's ghost is severely damaged.
Regeox's ghost barely misses you.
You slash Regeox's ghost!
Regeox's ghost is almost destroyed.
Regeox's ghost hits you.
* * * LOW HITPOINT WARNING * * *
You hit Regeox's ghost but do no damage.
Regeox's ghost is almost destroyed.
Regeox's ghost casts a spell at you. The magic dart hits you!
* * * LOW HITPOINT WARNING * * *
You hit Regeox's ghost.
Regeox's ghost is almost destroyed.
Regeox's ghost hits you.
You die...

#.# ...
#.# #.#
####.#
....#
#†W###.#
#.@..?.#
##.#####
#.# #.#
#.# #.#
#^# #.#
####.#


You could see Regeox's ghost.

Vanquished Creatures
  Menkaure (D:5)
  Duvessa (D:4)
  An ice beast (D:6)
  A phantom (D:4)
  2 centaurs
  Dowan (D:4)
  A crimson imp (D:5)
  A jelly (D:5)
  2 orc priests (D:4)
  A centaur skeleton (D:4)
  4 hounds
  2 orc wizards (D:4)
  3 worker ants
  6 adders
  3 gnolls (D:4)
  A shadow imp (D:6)
  An adder skeleton (D:4)
  A worm (D:6)
  4 dart slugs
  3 leopard geckos
  14 orcs
  5 bats
  3 giant cockroaches
  3 goblins
  8 hobgoblins
  3 quokkas
  5 frilled lizards
  A jackal skeleton (D:4)
  10 kobolds
  A leopard gecko skeleton (D:6)
  5 rats
98 creatures vanquished.

Notes
Turn   | Place    | Note
-------+----------+-------------------------------------------
     0 | D:1      | homeworkjunkie the Hill Orc Fighter began the quest for the Orb.
     0 | D:1      | Reached XP level 1. HP: 19/19 MP: 1/1
    55 | D:1      | Reached XP level 2. HP: 27/27 MP: 2/2
   250 | D:2      | Found a shattered altar of Ashenzari.
   266 | D:3      | Reached skill level 3 in Axes
   266 | D:3      | Reached XP level 3. HP: 27/33 MP: 3/3
   657 | D:4      | Reached XP level 4. HP: 37/41 MP: 4/4
   660 | D:4      | Reached skill level 4 in Axes
   682 | D:4      | Reached XP level 5. HP: 37/47 MP: 5/5
   711 | D:5      | Entered Level 5 of the Dungeon
   743 | D:4      | Reached skill level 5 in Fighting
   743 | D:4      | Reached skill level 5 in Axes
   748 | D:4      | Reached XP level 6. HP: 35/56 MP: 6/6
  2642 | D:4      | Reached skill level 6 in Axes
  2932 | D:4      | Noticed Dowan
  2934 | D:4      | Noticed Duvessa
  2936 | D:4      | Killed Dowan
  2936 | D:4      | Reached XP level 7. HP: 61/61 MP: 7/7
  2950 | D:4      | Killed Duvessa
  2950 | D:4      | Reached skill level 7 in Axes
  3380 | D:4      | Reached skill level 1 in Evocations
  3601 | D:5      | Found an opulent altar of Gozag.
  3613 | D:5      | Reached skill level 8 in Axes
  3636 | D:5      | Noticed Menkaure
  3648 | D:5      | Killed Menkaure
  3648 | D:5      | Reached skill level 5 in Armour
  3648 | D:5      | Reached skill level 5 in Shields
  3648 | D:5      | Reached XP level 8. HP: 4/70 MP: 8/8
  3914 | D:5      | Found an opulent altar of Gozag.
  4303 | D:6      | Reached skill level 9 in Axes
  4544 | D:6      | Noticed Regeox's ghost (novice DrCj)
  4563 | D:6      | Slain by Regeox's ghost

Skill      XL: |  1  2  3  4  5  6  7  8 |
---------------+-------------------------+-----
Fighting       | 4 5 6 |  6.0
Axes           | 3 4 5 6 8 9 |  9.1
Shields        | 4 5 |  5.3
Armour         | 4 5 |  5.2
Evocations     | 1 2 |  2.1
Dodging        | |  0.4

Action                   |  1- 3 |  4- 6 |  7- 9 || total
-------------------------+-------+-------+-------++-------
Melee: War axe           |    65 |   126 |   136 ||   327
Evoke: Wand              |       |       |     3 ||     3
  Use: Scroll            |     3 |     6 |    11 ||    20
       Potion            |       |     2 |    12 ||    14
 Stab: Invisible         |       |       |     2 ||     2
  Eat: Royal jelly       |       |     1 |     2 ||     3
       Bread ration      |       |     1 |       ||     1
       Fruit             |       |       |     1 ||     1
Armor: Scale mail        |    20 |    73 |    16 ||   109
       Chain mail        |       |       |    32 ||    32
Dodge: Dodged            |    20 |    42 |    30 ||    92
Block: Shield            |    40 |    72 |    52 ||   164
